 Dungeon Crawl Stone Soup version 0.25-a0-189-gf71692caf1 (webtiles) character file.

Game seed: 15661602747547024729, levelgen mode: classic

65 EnegeticOcto the Shield-Bearer (level 3, -8/33 HPs)
             Began as a Minotaur Fighter on Nov 29, 2019.
             Blown up by Ijyb (14 damage)
             ... with a disintegration bolt
             ... on level 3 of the Dungeon.
             The game lasted 00:00:40 (1432 turns).

EnegeticOcto the Shield-Bearer (Minotaur Fighter)   Turns: 1432, Time: 00:00:41

Health: -8/33      AC:  7    Str: 21    XL:     3   Next: 94%
Magic:  2/2        EV:  8    Int:  5    God:
Gold:   67         SH:  9    Dex:  9    Spells: 2/2 levels left

rFire    . . .     SeeInvis .   a - +0 war axe
rCold    . . .     Gourm    .   c - +0 shield
rNeg     . . .     Faith    .   b - +0 scale mail
rPois    .         Spirit   .   (helmet restricted)
rElec    .         Reflect  .   (no cloak)
rCorr    .         Harm     .   (no gloves)
MR       .....                  (no boots)
Stlth    ..........             (no amulet)
HPRegen  0.11/turn              (no ring)
MPRegen  0.08/turn              (no ring)

@: no status effects
A: retaliatory headbutt, horns 2
a: no special abilities


You were on level 3 of the Dungeon.
You were not hungry.

You visited 1 branch of the dungeon, and saw 3 of its levels.

You collected 67 gold pieces.

Inventory:

Hand Weapons
 a - a +0 war axe (weapon)
Armour
 b - a +0 scale mail (worn)
 c - a +0 shield (worn)
Scrolls
 f - 3 scrolls of remove curse {unknown}
 g - 3 scrolls of magic mapping {unknown}
 h - 2 scrolls of amnesia {unknown}
 i - a scroll of immolation {unknown}
 k - a scroll of teleportation {unknown}
 l - a scroll of identify {unknown}
 n - a scroll of fog {unknown}
Potions
 d - a potion of might {@q3}
 j - a potion of mutation {unknown}
 m - a potion of heal wounds {unknown}
Comestibles
 e - 3 rations


   Skills:
 + Level 4.0 Fighting
 * Level 3.6 Axes
 + Level 4.0 Armour
 + Level 1.5 Dodging
 + Level 4.1 Shields


You had 2 spell levels left.
You didn't know any spells.
Your spell library was empty.

Dungeon Overview and Level Annotations

Branches:
Dungeon (3/15)

Altars:
Elyvilon

Annotations:
D:3 Ijyb


Innate Abilities, Weirdness & Mutations

You reflexively headbutt those who attack you in melee.
You have a pair of horns on your head.


Message History

You butcher the rat corpse.
o - a chunk of flesh You see here a rat skeleton. x2
Found an escape hatch in the floor.
You now have 67 gold pieces (gained 14).
There is an escape hatch in the floor here.
A goblin comes into view.
The goblin moves out of view.
The goblin is too close now for your liking.
The goblin hits you but does no damage.
Found 17 poisoned darts.
Found a stone staircase leading down.
You closely miss the goblin. Your headbutt misses the goblin.
The goblin hits you but does no damage.
You barely miss the goblin. The goblin barely misses you. The goblin hits you.
You closely miss the goblin. You block the goblin's attack.
You slash the goblin!
You kill the goblin!
No target in view!
No target in view!
No target in view!
No target in view!
No target in view!
No target in view!
You butcher the goblin corpse.
o - 2 chunks of flesh (gained 1)
You see here a goblin skeleton. x2
e - 3 rations (gained 1)
There is a stone staircase leading down here.
A goblin comes into view. It is wielding a +0 dagger.
The goblin shouts!
A goblin is nearby!
You slash the goblin!
You kill the goblin!
No target in view!
No target in view!
No target in view!
No target in view!
No target in view!
You see here a +0 dagger.
Found a stone staircase leading down.
You see here a spear.
There is a stone staircase leading up here.
A goblin comes into view.
The goblin shouts!
A goblin is nearby!
You hit the goblin.
The goblin is severely wounded.
The goblin hits you.
You barely miss the goblin.
The goblin is severely wounded.
The goblin hits you but does no damage. The goblin closely misses you.
You furiously retaliate!
You headbutt the goblin!
You kill the goblin!
No target in view!
No target in view!
No target in view!
You see here a mace.
You see here a mace.
Some of the chunks of flesh in your inventory have rotted away.
Eating a chunk of flesh.
You eat the chunk of flesh.
This raw flesh tastes terrible.
There is a stone staircase leading up here.
You see here 4 poisoned darts.
Done exploring.
Done exploring.
Done exploring.
No target in view!
No target in view!
No target in view!
(D) Dungeon
Where to? (Enter - D:2, ? - help)
There is a stone staircase leading down here.
You climb downwards.
A kobold and Ijyb come into view.
Ijyb shouts!
The kobold shouts!
There is a stone staircase leading up here.
There are monsters nearby!
There are monsters nearby!
There are monsters nearby!
You hit the kobold.
The kobold is severely wounded.
Ijyb zaps a wand.
You are blasted!
Ouch! That really hurt!
* * * LOW HITPOINT WARNING * * *
You block the kobold's attack.
You are too injured to fight recklessly!
You are too injured to fight recklessly!
You are too injured to fight recklessly!
You are too injured to fight recklessly!
You are too injured to fight recklessly!
You are too injured to fight recklessly!
You are too injured to fight recklessly!
You are too injured to fight recklessly!
You are too injured to fight recklessly!
You are too injured to fight recklessly!
You are too injured to fight recklessly!
The kobold hits you but does no damage.
There are monsters nearby!
Ijyb zaps a wand.
You are blasted!
You die...

#####
#..K#
#@#<#
#..g.....#
#........#
#.......##
#.......#
#########


You could see Ijyb and a kobold.

Vanquished Creatures
  Jessica (D:2)
  An ooze (D:1)
  A dart slug (D:1)
  A giant cockroach (D:1)
  7 goblins
  4 hobgoblins (D:1)
  4 kobolds (D:2)
  A quokka (D:2)
  5 bats
  3 frilled lizards
  4 rats
32 creatures vanquished.

Notes
Turn   | Place    | Note
-------+----------+-------------------------------------------
     0 | D:1      | EnegeticOcto the Minotaur Fighter began the quest for the
                  | Orb.
     0 | D:1      | Reached XP level 1. HP: 19/19 MP: 0/0
   180 | D:1      | Reached XP level 2. HP: 27/27 MP: 1/1
   474 | D:1      | Reached skill level 1 in Dodging
   741 | D:2      | Reached XP level 3. HP: 31/33 MP: 2/2
   839 | D:2      | Noticed Jessica
   844 | D:2      | Killed Jessica
   947 | D:2      | Found a white marble altar of Elyvilon.
  1429 | D:3      | Noticed Ijyb
  1432 | D:3      | Blown up by Ijyb

Levels and vault maps discovered:
D:1:      sevenhm_arrival_forest_fort_small_4, layout_basic
D:2:      layout_loops_ring, lemuel_doored_altar, first_ration, uniq_jessica
D:3:      layout_basic, lemuel_crystal_altar, overflow_temple_1_default,
          grunt_decor_resistance, uniq_ijyb

Skill      XL: |  1  2  3 |
---------------+----------+-----
Axes           | 3 |  3.6
Dodging        | 1 |  1.5
Armour         | 4 |  4.0
Shields        | 4 |  4.1
Fighting       | 4 |  4.0

Action                   || total
-------------------------++-------
Melee: War axe           ||    74
       Headbutt          ||     7
  Eat: Chunk             ||     2
Armor: Scale mail        ||    35
Dodge: Dodged            ||    23
Block: Shield            ||    44

Table legend:
 A = Non-vault XP
 B = Vault XP
 C = Vault XP percentage of total XP
 D = Non-vault monster count
 E = Vault monster count
 F = Vault count percentage of total count
                 A         B        C        D         E       F
            +---------+---------+-------+---------+---------+-------
      Total |      57 |      37 |  39.4 |      31 |       1 |   3.1
            +---------+---------+-------+---------+---------+-------
        D:1 |      35 |       0 |   0.0 |      18 |       0 |   0.0
        D:2 |      22 |      37 |  62.7 |      13 |       1 |   7.1
            +---------+---------+-------+---------+---------+-------
